 Dungeon Crawl Stone Soup version 0.22-a0-247-gbddf880 (webtiles) character file.

5091 b5mith the Carver (level 10, -3/139 HPs)
             Began as a Minotaur Berserker on Feb 26, 2018.
             Was a High Priest of Trog.
             Slain by a ten-headed hydra (7 damage)
             ... on level 10 of the Dungeon.
             The game lasted 00:29:32 (9367 turns).

b5mith the Carver (Minotaur Berserker)              Turns: 9367, Time: 00:29:34

Health: -3/139     AC: 15    Str: 28    XL:     10   Next: 32%
Magic:  0/9        EV: 13    Int:  4    God:    Trog [*****.]
Gold:   259        SH:  0    Dex: 12    Spells: 9/9 levels left

rFire    + + .     SeeInvis .   a - +0 falchion
rCold    . . .     Gourm    .   (no shield)
rNeg     + . .     Faith    .   J - +0 chain mail {rPois}
rPois    +         Spirit   +   (helmet restricted)
rElec    .         Reflect  .   i - scarf {repulsion}
rCorr    .         Harm     .   t - +1 pair of gloves "Lusoips" {rF+ rN+}
MR       .....                  O - +0 pair of boots
Stlth    ..........             j - amulet of guardian spirit
HPRegen  0.33/turn              s - ring of protection from fire
MPRegen  0.11/turn              x - ring of wizardry

@: berserking, repel missiles, very quick
A: retaliatory headbutt, horns 2
a: Berserk, Trog's Hand, Brothers in Arms, Renounce Religion


You were on level 10 of the Dungeon.
You worshipped Trog.
Trog was extremely pleased with you.
You were hungry.

You visited 1 branch of the dungeon, and saw 10 of its levels.

You collected 350 gold pieces.
You spent 91 gold pieces at shops.

Inventory:

Hand Weapons
 a - a +0 falchion (weapon)
Missiles
 M - 3 javelins (quivered)
 Q - 2 tomahawks of returning
Armour
 b - a +0 animal skin
 i - a scarf of repulsion (worn)
 k - a +0 ring mail
 t - the +1 pair of gloves "Lusoips" (worn) {rF+ rN+}
   (You found it on level 6 of the Dungeon)

   It protects you from fire.
   It protects you from negative energy.
 F - a +3 leather armour
 J - a +0 chain mail of poison resistance (worn)
 O - a +0 pair of boots (worn)
 R - +0 steam dragon scales
Jewellery
 j - an amulet of guardian spirit (around neck)
 s - a ring of protection from fire (left hand)
 x - a ring of wizardry (right hand)
 N - an uncursed amulet of the acrobat
Wands
 m - a wand of acid (7)
 E - a wand of flame (44)
 G - a wand of iceblast (5)
 S - a wand of enslavement (28)
Scrolls
 d - 6 scrolls of remove curse {@r2}
 e - 7 scrolls of identify {@r1}
 l - 3 scrolls of immolation
 q - 3 scrolls of teleportation
 r - 6 scrolls of enchant weapon
 v - a scroll of magic mapping
 y - 2 scrolls of enchant armour
 B - a scroll of blinking {unknown}
 C - a scroll of fog {unknown}
 D - a scroll of random uselessness {unknown}
 H - a scroll of holy word {unknown}
 P - a scroll of fear {unknown}
Potions
 f - 2 potions of haste
 g - a potion of magic {unknown}
 h - 5 potions of agility
 n - a potion of cancellation {unknown}
 o - 3 potions of degeneration
 p - 5 potions of might
 u - a potion of ambrosia {unknown}
 w - 2 potions of flight
 z - 5 potions of heal wounds
 A - 6 potions of curing {@q1}
 I - a potion of invisibility {unknown}
 K - a potion of brilliance {unknown}
Comestibles
 c - 19 rations
 L - 7 chunks of flesh


   Skills:
 + Level 9.8 Fighting
 + Level 9.9 Long Blades
 + Level 9.5 Armour
 + Level 8.7 Dodging


You had 9 spell levels left.
You didn't know any spells.

Dungeon Overview and Level Annotations

Branches:
Dungeon (10/15)            Temple (0/1) D:6             Orc (0/2) D:9
   Lair: D:8-11

Altars:
Ashenzari
Dithmenos
Gozag
Ru
Trog
Wu Jian
Xom
Yredelemnul
Beogh

Shops:
D:4 =   D:5 !   D:8 !*


Innate Abilities, Weirdness & Mutations

You reflexively headbutt those who attack you in melee.
You have a pair of horns on your head.


Message History

* * * LOW HITPOINT WARNING * * *
The ten-headed hydra bites you.
* * * LOW HITPOINT WARNING * * *
The ten-headed hydra bites you.
* * * LOW HITPOINT WARNING * * *
The ten-headed hydra barely misses you.
The ten-headed hydra bites you but does no damage.
The ten-headed hydra bites you!
* * * LOW HITPOINT WARNING * * *
The ten-headed hydra bites you but does no damage.
The ten-headed hydra bites you.
* * * LOW HITPOINT WARNING * * *
The ten-headed hydra bites you but does no damage. x2
A red film seems to cover your vision as you go berserk!
You feel yourself moving faster!
You feel mighty!
You are feeling hungry.
The ten-headed hydra bites you.
* * * LOW HITPOINT WARNING * * *
The ten-headed hydra bites you!
You die...

#..# #..# #..# #..#
#?.# ## #. +..#
#.##. #D.#
.....##+#####+##@.#
..................#
.............###..#
.^..(.....#......##
...........#######
..........##
........###
........# ....##.##


You could see a ten-headed hydra.

Vanquished Creatures
  Pikel (D:7)
  Joseph (D:7)
  A hippogriff (D:8)
  A spriggan (D:7)
  Sigmund (D:6)
  A wyvern (D:8)
  A steam dragon (D:9)
  Grum (D:9)
  A hungry ghost (D:8)
  Menkaure (D:6)
  3 orc warriors
  A slave (D:7)
  2 eyes of draining (D:8)
  An ice beast (D:6)
  2 necrophages
  4 ogres
  2 wolves (D:9)
  A centaur (D:7)
  Blork the orc (D:6)
  A big kobold (D:9)
  2 bullfrogs
  2 scorpions
  3 howler monkeys (D:7)
  3 crimson imps
  2 bullfrog zombies
  A centaur zombie (D:8)
  3 hounds
  2 jellies
  Crazy Yiuf (D:7)
  9 orc priests
  5 orc wizards
  2 iguanas
  2 worker ants
  2 hound skeletons
  A worker ant zombie (D:7)
  16 gnolls
  A howler monkey skeleton (D:7)
  13 adders
  2 adder skeletons
  2 adder zombies
  4 worms
  A dart slug (D:2)
  4 leopard geckos
  49 orcs
  4 giant cockroaches
  13 goblins
  11 hobgoblins
  11 jackals
  4 quokkas
  A ball python (D:2)
  8 bats
  4 frilled lizards
  A jackal skeleton (D:7)
  11 kobolds
  A leopard gecko skeleton (D:9)
  10 rats
239 creatures vanquished.

Notes
Turn   | Place    | Note
-------+----------+-------------------------------------------
     0 | D:1      | b5mith the Minotaur Berserker began the quest for the Orb.
     0 | D:1      | Reached XP level 1. HP: 19/19 MP: 0/0
   290 | D:1      | Reached XP level 2. HP: 26/27 MP: 1/1
   968 | D:2      | Reached XP level 3. HP: 33/33 MP: 2/2
  1106 | D:2      | Reached ** piety under Trog
  1227 | D:2      | Reached XP level 4. HP: 8/41 MP: 1/3
  1694 | D:2      | Found a shadowy altar of Dithmenos.
  2199 | D:3      | Reached XP level 5. HP: 41/47 MP: 4/4
  2269 | D:3      | Reached *** piety under Trog
  2285 | D:3      | Reached skill level 5 in Fighting
  2285 | D:3      | Reached skill level 5 in Long Blades
  2498 | D:3      | Found a shattered altar of Ashenzari.
  2869 | D:3      | Noticed an ogre
  2879 | D:3      | Killed an ogre
  2879 | D:3      | Reached XP level 6. HP: 56/56 MP: 5/5
  2908 | D:3      | Found a sacrificial altar of Ru.
  3031 | D:4      | Found a basalt altar of Yredelemnul.
  3645 | D:4      | Reached skill level 5 in Armour
  3645 | D:4      | Reached XP level 7. HP: 44/62 MP: 3/6
  4000 | D:4      | You fall through a shaft for 3 floors!
  4062 | D:6      | Reached skill level 5 in Dodging
  4519 | D:6      | Got a pair of slimy gloves
  4525 | D:6      | Identified the +1 pair of gloves "Lusoips" {rF+ rN+} (You found it on level 6 of the Dungeon)
  4703 | D:6      | Found a staircase to the Ecumenical Temple.
  4764 | D:6      | Reached XP level 8. HP: 59/71 MP: 7/7
  4771 | D:6      | Noticed Blork the orc
  4783 | D:6      | Reached **** piety under Trog
  4798 | D:6      | Killed Blork the orc
  4820 | D:6      | Noticed Sigmund
  4832 | D:6      | Killed Sigmund
  5273 | D:6      | Noticed Menkaure
  5284 | D:6      | Killed Menkaure
  5660 | D:5      | Entered Level 5 of the Dungeon
  6052 | D:5      | Found Ytiwyu Tuse's Distillery.
  6060 | D:5      | Bought a potion of might for 52 gold pieces
  6060 | D:5      | Bought a potion of flight for 39 gold pieces
  6709 | D:4      | Found Quh Jocs's Jewellery Shop.
  6977 | D:7      | Noticed Joseph
  6991 | D:7      | Killed Joseph
  6991 | D:7      | Reached XP level 9. HP: 57/81 MP: 5/8
  7200 | D:7      | Found a roughly hewn altar of Beogh.
  7363 | D:7      | Noticed Pikel
  7389 | D:7      | Killed Pikel
  7609 | D:7      | Found an opulent altar of Gozag.
  7668 | D:7      | Reached ***** piety under Trog
  7717 | D:7      | Found a runed door.
  7842 | D:7      | Noticed Crazy Yiuf
  7849 | D:7      | Killed Crazy Yiuf
  8035 | D:8      | Found Nangewig's Distillery.
  8056 | D:8      | Found a bloodstained altar of Trog.
  8146 | D:8      | Found Wuridghehupt's General Store.
  8367 | D:8      | Reached XP level 10. HP: 87/91 MP: 9/9
  8625 | D:9      | Found a staircase to the Orcish Mines.
  8831 | D:9      | Noticed Grum
  8849 | D:9      | Killed Grum
  8940 | D:9      | Found an ornate altar of the Wu Jian Council.
  9120 | D:9      | Found a shimmering altar of Xom.
  9283 | D:10     | Entered Level 10 of the Dungeon
  9353 | D:10     | Noticed a seven-headed hydra
  9367 | D:10     | HP: 4/139 [ten-headed hydra (6)]
  9367 | D:10     | Slain by a ten-headed hydra

Vault maps used:
D:1:      dpeg_arrival_rooms_b
D:2:      kb_forest_paths, grunt_dithmenos_smoke_and_mirrors
D:3:      nicolae_ru_great_annihilating_truth, lemuel_round_altar,
          corexii_item_surrounded_by_moat
D:4:      yredelemnul_altar_generic, first_ration, serial_shops,
          nicolae_shop_behind_doors
D:5:      serial_shops, shop, hangedman_glass_teeth, serial_park_tiny_pond,
          kennysheep_big_empty_room
D:6:      minmay_temple_entry_trees, uniq_sigmund, uniq_blork_the_orc,
          uniq_menkaure
D:7:      kennysheep_mini_moat, the_bakery, david_defended_altar_orc,
          uniq_crazy_yiuf_cottage, uniq_joseph, uniq_pikel
D:8:      serial_shops, nicolae_shop_crystal, shop, trog_eyes_of_draining
D:9:      lemuel_round_altar, lemuel_doored_altar, orc_0_dummy, uniq_grum
D:10:     roderic_cross_of_infinity

Skill      XL: |  1  2  3  4  5  6  7  8  9 |
---------------+----------------------------+-----
Fighting       | 4 5 6 8 9 |  9.8
Long Blades    | 4 5 6 8 9 |  9.9
Armour         | 3 4 5 6 7 9 |  9.5
Dodging        | 3 4 5 6 8 |  8.7

Action                   |  1- 3 |  4- 6 |  7- 9 | 10-12 || total
-------------------------+-------+-------+-------+-------++-------
Melee: Falchion          |    53 |   160 |   459 |   108 ||   780
       Headbutt          |    12 |    23 |    83 |    36 ||   154
Throw: Throwing net      |       |       |     1 |     1 ||     2
       Javelin           |       |       |       |     1 ||     1
Invok: Berserk           |     1 |     3 |     4 |     2 ||    10
  Use: Potion            |     2 |     1 |       |       ||     3
       Scroll            |       |     3 |     4 |     2 ||     9
 Stab: Paralysed         |       |     1 |       |       ||     1
       Held in net/web   |       |       |     1 |       ||     1
  Eat: Chunk             |     2 |    10 |    22 |     4 ||    38
       Ration            |       |       |     1 |       ||     1
Armor: Animal skin       |     4 |     1 |       |       ||     5
       Ring mail         |       |    36 |    50 |       ||    86
       Leather armour    |       |       |    17 |       ||    17
       Chain mail        |       |       |    78 |    48 ||   126
Dodge: Dodged            |    28 |    82 |   211 |    69 ||   390
       Deflected         |       |       |     3 |     2 ||     5
       Rpst.: Falchion   |     4 |    29 |    67 |    13 ||   113

Table legend:
 A = Spawn XP
 B = Non-spawn XP
 C = Spawn XP percentage of total XP
 D = Spawn monster count
 E = Non-spawn monster count
 F = Spawn count percentage of total count
 G = Total turns spent on level
                    A         B        C        D         E        F      G
               +---------+---------+-------+---------+---------+-------+---------
         Total |       0 |    7274 |   0.0 |       0 |     238 |   0.0 |  9367
               +---------+---------+-------+---------+---------+-------+---------
           D:1 |       0 |      18 |   0.0 |       0 |      12 |   0.0 |   571
           D:2 |       0 |     142 |   0.0 |       0 |      29 |   0.0 |  1466
           D:3 |       0 |     301 |   0.0 |       0 |      31 |   0.0 |   944
           D:4 |       0 |     461 |   0.0 |       0 |      23 |   0.0 |  1395
           D:5 |       0 |     347 |   0.0 |       0 |      23 |   0.0 |   798
           D:6 |       0 |    1117 |   0.0 |       0 |      36 |   0.0 |  1653
           D:7 |       0 |    2240 |   0.0 |       0 |      32 |   0.0 |  1096
           D:8 |       0 |    1381 |   0.0 |       0 |      20 |   0.0 |   604
           D:9 |       0 |    1124 |   0.0 |       0 |      29 |   0.0 |   756
          D:10 |       0 |     143 |   0.0 |       0 |       3 |   0.0 |    84
               +---------+---------+-------+---------+---------+-------+---------
